 Dungeon Crawl Stone Soup version 0.30.1-4-g462c640d31 (webtiles) character file.

Game seed: 3112678644302189099

217522 diecastcamel the Spry (level 19, 0/133 HPs)
             Began as a Merfolk Summoner on July 27, 2023.
             Was the Champion of Hepliaklqana.
             Killed from afar by a bog body (13 damage)
             ... with a bolt of cold
             ... on level 4 of the Swamp on Sept 12, 2023.
             The game lasted 05:22:49 (42644 turns).

diecastcamel the Spry (Merfolk Summoner)           Turns: 42644, Time: 05:22:50

Health: 0/133      AC: 20    Str: 12    XL:     19   Next: 8%
Magic:  18/32      EV: 28    Int: 22    God:    Hepliaklqana [******]
Gold:   2887       SH: 12    Dex: 15    Spells: 1/36 levels left

rFire   + . .        w - +6 demon trident of Overwhelming Force {venom, rElec Will- Str+4}
rCold   . . .        G - +1 buckler "Waylat" {rElec Will+}
rNeg    . . .        R - +2 steam dragon scales
rPois   .            g - +2 helmet
rElec   +            Q - +2 cloak
rCorr   .            E - +2 pair of gloves
SInv    .            K - melded +0 pair of boots of Heresy {rPois rC- Will++ Int+2}
Will    +....        W - amulet of reflection
Stlth   +++          c - +4 ring of protection
HPRegen 0.42/turn    h - ring of protection from fire
MPRegen 0.23/turn

%: reflection
@: studying Axes, very quick
A: reduced essence, nimble swimmer 2, mertail
}: 1/15 runes: serpentine
a: Renounce Religion, Recall Ancestor, Ancestor Identity, Transference, Idealise


You were on level 4 of the Swamp.
You worshipped Hepliaklqana.
Hepliaklqana was exalted by your worship.
You visited 6 branches of the dungeon, and saw 31 of its levels.
You also visited: Sewer, Bailey and Volcano.

You collected 5119 gold pieces.
You spent 2232 gold pieces at shops.

Inventory:

Hand Weapons
 w - the +6 demon trident of Overwhelming Force (weapon) {venom, rElec Will- Str+4}
   (You acquired it on level 1 of the Lair of Beasts)

   Str:       It affects your strength (+4).
   rElec:     It insulates you from electricity.
   Will:      It decreases your willpower.
Armour
 g - a +2 helmet (worn)
 m - a scarf of resistance
 E - a +2 pair of gloves (worn)
 G - the +1 buckler "Waylat" (worn) {rElec Will+}
   (You acquired it in a bailey)

   rElec:     It insulates you from electricity.
   Will:      It increases your willpower.
 K - the +0 pair of boots of Heresy (melded) {rPois rC- Will++ Int+2}
   (You acquired it on level 7 of the Dungeon)

   Int:       It affects your intelligence (+2).
   rC:        It makes you vulnerable to cold.
   rPois:     It protects you from poison.
   Will:      It greatly increases your willpower.
 N - a +2 kite shield of protection
 Q - a +2 cloak (worn)
 R - +2 steam dragon scales (worn)
 T - a +2 pair of boots of rampaging
 Z - +0 swamp dragon scales
Jewellery
 c - a +4 ring of protection (left hand)
 h - a ring of protection from fire (right hand)
 L - a ring of resist corrosion
 V - a ring of see invisible
 W - an amulet of reflection (around neck)
 Y - a ring of wizardry
Wands
 i - a wand of light (20)
 k - a wand of mindburst (12)
 p - a wand of flame (53)
 t - a wand of digging (6)
 O - a wand of charming (33)
 X - a wand of roots (15)
Scrolls
 a - 6 scrolls of immolation
 d - a scroll of summoning
 j - 6 scrolls of fog
 l - 3 scrolls of enchant weapon
 o - 5 scrolls of amnesia
 q - 5 scrolls of poison
 r - a scroll of brand weapon
 y - 8 scrolls of identify
 D - 16 scrolls of teleportation
 F - 2 scrolls of torment
 P - 3 scrolls of enchant armour
 S - 2 scrolls of magic mapping
Potions
 b - 4 potions of magic
 e - 8 potions of invisibility
 n - 6 potions of brilliance
 s - 12 potions of ambrosia
 u - 4 potions of mutation
 x - 9 potions of curing
 z - 3 potions of haste
 A - 2 potions of cancellation
 B - 10 potions of flight
 C - 3 potions of lignification
 H - 2 potions of might
 I - a potion of resistance
 U - a potion of berserk rage
Miscellaneous
 v - a phantom mirror (inert)
 J - a condenser vane
 M - a box of beasts


   Skills:
 - Level 12.8 Fighting
 - Level 14.0 Polearms
 - Level 2.0 Armour
 - Level 19.8 Dodging
 - Level 2.1 Stealth
 + Level 7.1 Shields
 - Level 9.0 Spellcasting
 + Level 4.2 Hexes
 + Level 18.2 Summonings
 - Level 6.2 Ice Magic
 - Level 5.2 Air Magic
 - Level 9.0 Invocations
 - Level 10.0 Evocations


You had one spell level left.
You knew the following spells:

 Your Spells              Type           Power      Damage    Failure   Level
a - Summon Small Mammal   Summ           100%       N/A       0%          1
b - Call Imp              Summ           100%       N/A       0%          2
c - Call Canine Familiar  Summ           74%        N/A       0%          3
d - Summon Ice Beast      Ice/Summ       59%        N/A       1%          4
e - Frozen Ramparts       Ice            74%        1d12      1%          3
f - Summon Lightning Spi  Summ/Air       57%        N/A       1%          4
g - Summon Hydra          Summ           37%        N/A       4%          7
h - Summon Cactus Giant   Summ           37%        N/A       1%          6
i - Summon Mana Viper     Hex/Summ       56%        N/A       2%          5

Your spell library contained the following spells:

 Spells                   Type           Power      Damage    Failure   Level
 Shock                    Conj/Air       84%        1d8       3%          1
 Apportation              Tloc           18%        N/A       9%          1
 Kiss of Death            Conj/Necr      36%        2d8       9%          1
 Necrotise                Necr           36%        1d5       9%          1
 Sting                    Tmut/Pois      36%        1d4       9%          1
 Ensorcelled Hibernation  Hex/Ice        66%        N/A       1%          2
 Summon Guardian Golem    Hex/Summ       56%        N/A       1%          3
 Swiftness                Air            33%        N/A       3%          3
 Poisonous Vapours        Pois/Air       42%        N/A       4%          2
 Confusing Touch          Hex            28%        N/A       4%          3
 Tukima's Dance           Hex            28%        N/A       4%          3
 Airstrike                Air            16%        2d(3-19)  10%         4
 Portal Projectile        Hex/Tloc       38%        N/A       11%         3
 Lesser Beckoning         Tloc           18%        N/A       13%         2
 Scorch                   Fire           18%        2d5       13%         2
 Sublimation of Blood     Necr           9%         N/A       13%         2
 Wereblood                Tmut           9%         N/A       13%         2
 Ice Form                 Ice/Tmut       23%        N/A       24%         4
 Gell's Gravitas          Tloc           9%         N/A       26%         3
 Spider Form              Tmut/Pois      9%         N/A       26%         3
 Teleport Other           Tloc           9%         N/A       26%         3
 Anguish                  Hex/Necr       9%         N/A       36%         4
 Leda's Liquefaction      Hex/Erth       9%         N/A       36%         4
 Dispel Undead            Necr           9%         3d8       65%         4
 Flame Wave               Conj/Fire      9%         2d6       65%         4
 Olgreb's Toxic Radiance  Pois           9%         N/A       65%         4
 Passage of Golubria      Tloc           9%         N/A       65%         4
 Yara's Violent Unravell  Hex/Tmut       9%         3d6       71%         5
 Enfeeble                 Hex            14%        N/A       100%        7


Dungeon Overview and Level Annotations

Branches:
Dungeon (15/15)            Temple (1/1) D:6            Lair (5/5) D:11
  Swamp (4/4) Lair:2        Snake (4/4) Lair:2        Slime (0/5) Lair:5
    Orc (2/2) D:9             Elf (0/3) Orc:2        Vaults (0/5) D:13
 Depths (0/4) D:15          Sewer (visited)          Bailey (visited)
Volcano (visited)

Altars:
Ashenzari
Cheibriados
Dithmenos
Elyvilon
Fedhas
Gozag
Hepliaklqana
Kikubaaqudgha
Makhleb
Nemelex Xobeh
Okawaru
Qazlal
Ru
Sif Muna
Trog
Uskayaw
Vehumet
Wu Jian
Xom
Yredelemnul
Zin
The Shining One
Jiyva
Lugonu

Shops:
D:10 =   Orc:2 *?=(*   Snake:4 :

Portals:
Abyss: Lair:5

Annotations:
D:5 2 transporters
D:6 1 runed translucent door, zeram's ghost, novice SpCj
D:8 exclusion: orange crystal statue
D:14 3 runed translucent doors, Qymaymp's ghost, adept GrEE
Lair:2 2 transporters, zzuzz's ghost, journeyman FoFi


Innate Abilities, Weirdness & Mutations

Your life essence is reduced to manifest your ancestor. (-10% HP)
You are very nimble when in or above water. (Stealth+, EV+, Speed+++)
Your lower body shifts to a powerful aquatic tail in water.


Message History

The foxfire hits Eideard!
Eideard resists.
The foxfire hits your five-headed hydra!!
Unknown command.
Your five-headed hydra bites the will-o-the-wisp!
Your five-headed hydra bites the will-o-the-wisp.
Your five-headed hydra bites the will-o-the-wisp! x2
The will-o-the-wisp is destroyed!
Unknown command.
Your five-headed hydra is engulfed in a cloud of scalding steam.
The +0 pair of boots of Heresy {rPois rC- Will++ Int+2} unmelds from your body.
You start resting.
Your magical contamination has completely faded away.
You start resting.
Your five-headed hydra disappears in a puff of smoke!
A bog body comes into view.
Your legs become a tail as you enter the water.
The +0 pair of boots of Heresy {rPois rC- Will++ Int+2} melds into your body.
You are too injured to fight recklessly!
You are too injured to fight recklessly!
You are too injured to fight recklessly!
You are too injured to fight recklessly!
Eideard closely misses the bog body.
The bog body casts a spell at you.
The bolt of cold hits Eideard!
Eideard resists.
The bolt of cold hits you.
You are engulfed in freezing vapours.
The bog body points at you and mumbles some strange words.
The bolt of cold hits Eideard!!
Eideard resists.
The bolt of cold hits you!!
* * * LOW HITPOINT WARNING * * *
Eideard is engulfed in freezing vapours.
Eideard completely misses the bog body.
The bog body gestures at you while chanting.
The bolt of cold hits Eideard!
Eideard resists.
The bolt of cold hits you!
You die...

~~~♣~♣
♣♣♣♣♣.~~....♣♣~♣.~§~.~~~♣♣
~~~..♣
♣~..♣♣♣~.~~~.....~~~..♣♣♣
.~~~.♣♣♣~~~.♣♣♣.§~§§§~~.~~~.♣♣
~§~§.~♣~.~~.♣ ♣♣~~~~§~~~~...♣
~~~~~.~♣♣~♣♣♣♣♣♣.§~.~~~[~...♣
~~~~~~~~♣..~♣♣~.~§..~~~§.~♣~♣
~~~~~~~~...~♣~..~~..[~~~.<~.♣
..~~~~~♣♣♣♣♣♣~~~~~..~~~.§...♣
...(~~~♣♣♣♣~..~~@~..§~~~♣[^♣♣
~.~~~~~♣~.~..~R○~.♣.~~~~.♣~♣♣
.)~~~~~♣♣.~~~n~~..♣.~~~~♣.~.♣
~~.~~~~~.~~~~~§.~.♣.~~~♣♣†~.♣
~~♣♣......~~~~.~~~~♣~~♣~~♣♣♣♣
.♣♣♣~..~~~~~~~.~~~~♣~~.~.§♣
~.♣♣~~.~~~~~~~~.~~.♣.~..~~.♣
..D<♣♣.~~~~~~~~~§.~♣♣§♣.~~~.♣
..♣♣♣♣.~~~.♣.§~.~.♣♣♣.~.~~w.♣


You could see the friendly Eideard the knight (reflecting) and a bog body (ally
target).

Vanquished Creatures
  A thorn hunter (Swamp:1)
  2 nagarajas
  6 bunyips
  5 hydras
  A vault guard (D:13)
  3 salamander tyrants (Snake:4)
  A catoblepas (Lair:3)
  2 boulder beetles (D:14)
  A ghost crab (Swamp:3)
  A centaur warrior (D:12)
  5 anacondas
  A death knight (D:13)
  A tengu warrior (D:15)
  A thrashing horror (Lair:5)
  3 orc high priests (Orc:2)
  4 shock serpents
  5 naga warriors
  5 naga sharpshooters
  4 death yaks
  A deep elf knight (D:12)
  2 skeletal warriors (D:15)
  Nergalle (Lair:1)
  A titan skeleton (D:15)
  3 salamander mystics
  3 goliath frogs
  4 swamp dragons
  A deep elf archer (Volcano)
  2 spriggan druids
  A golden dragon skeleton (D:15)
  2 naga ritualists
  4 mana vipers
  2 deep elf pyromancers (Volcano)
  A necromancer (D:15)
  5 ugly things
  An oklob plant (D:11)
  An orc sorcerer (Orc:2)
  6 salamanders
  A frost giant zombie (D:15)
  3 cyclopes
  3 manticores
  2 guardian serpents
  17 black mambas
  2 naga magi (Snake:2)
  3 elephants (Lair:4)
  7 cane toads
  5 rime drakes
  A yaktaur (shapeshifter) (D:13)
  An ancient zyme (Lair:5)
  2 komodo dragons
  2 trolls
  A tengu conjurer (D:12)
  A queen bee (Lair:1)
  A tarantella (shapeshifter) (D:14)
  17 blink frogs
  2 tyrant leeches
  A snapping turtle (shapeshifter) (D:15)
  3 hornets (Swamp:2)
  6 dream sheep (Lair:5)
  8 spriggans
  4 slime creatures (D:12)
  A culicivora (shapeshifter) (D:12)
  A vampire (D:11)
  4 ynoxinuls (Lair:5)
  15 yaks
  2 wyverns
  5 fire elementals (Volcano)
  A steam dragon (Lair:2)
  A chaos spawn (Lair:5)
  6 vampire mosquitoes
  5 basilisks
  A warg (D:9)
  11 swamp worms
  8 nagas
  5 hell hounds
  6 water moccasins
  Pargi (Sewer)
  2 ice beasts (D:7)
  A swamp drake (Swamp:2)
  A sky beast (D:6)
  2 black bears
  12 orc warriors
  4 wolves (Lair:3)
  5 centaurs
  4 ogres
  3 kobold brigands
  A bullfrog (D:7)
  A gnoll sergeant (D:9)
  5 scorpions
  A wight (D:9)
  20 killer bees
  3 spriggan skeletons (D:11)
  5 electric eels
  3 howler monkeys (D:7)
  A troll skeleton (D:11)
  3 hounds (D:4)
  A jelly (D:6)
  4 small abominations (Lair:5)
  7 orc priests
  An iguana (Lair:2)
  A sleepcap (D:4)
  9 orc wizards
  3 hell rats (Lair:3)
  15 gnolls
  5 adders
  3 nameless horrors
  2 white imps
  A worm (D:3)
  29 orcs
  An endoplasm (D:2)
  5 goblins
  4 hobgoblins
  2 jackals (D:4)
  4 quokkas
  A bat (D:1)
  A frilled lizard (D:2)
  4 kobolds
439 creatures vanquished.

Vanquished Creatures (collateral kills)
  Nikola (Swamp:3)
  Rupert (Orc:2)
  Kirke (Swamp:1)
  2 nagarajas
  An orc warlord (D:9)
  2 eleionomae (Swamp:3)
  3 bunyips
  A shambling mangrove (Swamp:1)
  Harold (Orc:1)
  An ice dragon (Swamp:4)
  10 hydras
  3 vault guards (D:13)
  2 salamander tyrants (Snake:4)
  5 anacondas
  Erica (D:11)
  A boulder beetle (D:12)
  3 ghost crabs
  6 centaur warriors
  12 alligators
  11 naga warriors
  A tengu warrior (D:15)
  5 two-headed ogres
  A titan zombie (D:15)
  3 orc high priests (Orc:2)
  3 death yaks
  5 shock serpents
  A vampire mage (D:15)
  2 thrashing horrors (Lair:5)
  12 naga sharpshooters
  Lodul (D:11)
  A skyshark (Lair:4)
  A salamander mystic (Snake:2)
  3 spriggan druids
  3 goliath frogs
  5 bog bodies
  6 naga ritualists
  10 swamp dragons
  4 deep elf pyromancers
  An orc knight (D:14)
  An orc sorcerer (D:9)
  An oklob plant (D:11)
  3 will-o-the-wisps
  6 mana vipers
  10 ugly things
  A manticore (D:12)
  3 cyclopes
  3 elephants (Lair:4)
  9 salamanders
  20 black mambas
  6 guardian serpents
  2 torpor snails (Lair:5)
  Maurice (D:8)
  4 cane toads
  12 naga magi
  A cane toad (shapeshifter) (D:15)
  A gargoyle (D:11)
  An unseen horror (D:11)
  2 komodo dragons (Lair:1)
  A rime drake (Lair:3)
  An efreet (D:14)
  An ancient zyme (Lair:5)
  4 tyrant leeches
  4 trolls
  8 hornets
  A polar bear (Lair:3)
  Prince Ribbit (Lair:2)
  13 blink frogs
  6 dream sheep (Lair:5)
  2 slime creatures (D:12)
  8 small abominations (Lair:5)
  6 spriggans
  A shadow (D:12)
  15 yaks
  A ynoxinul (Lair:5)
  A vampire (D:14)
  4 wyverns
  3 wraiths
  3 hogs (Swamp:1)
  2 fire elementals (Volcano)
  3 basilisks
  Grum (D:8)
  A chaos spawn (Lair:5)
  2 steam dragons
  3 vampire mosquitoes
  4 swamp worms
  6 wargs
  21 nagas
  2 acid dragons
  A hell hound (Lair:3)
  8 water moccasins
  A swamp drake (Swamp:1)
  3 black bears
  An ice beast (D:6)
  2 sky beasts
  10 ogres
  5 wolves
  22 orc warriors
  5 centaurs
  A phantom (D:6)
  A kobold brigand (D:10)
  5 nameless horrors
  2 scorpions
  7 bullfrogs
  4 gnoll sergeants
  10 wights
  19 killer bees
  2 spriggan skeletons (D:11)
  4 howler monkeys
  28 orc priests
  2 gnoll boudas
  An iguana (D:6)
  20 orc wizards
  A hell rat (Lair:3)
  30 gnolls
  6 adders
  A white imp (D:4)
  3 ufetubi
  72 orcs
  5 endoplasms
  4 giant cockroaches
  6 hobgoblins
  2 jackals (D:4)
  20 kobolds
  A quokka (D:2)
  3 ball pythons (D:2)
  6 bats
  A frilled lizard (D:1)
  7 goblins
  A rat (D:1)
685 creatures vanquished.

Vanquished Creatures (others)
  A hydra (Swamp:3)
  A spriggan druid (Swamp:2)
  A deep elf pyromancer (Volcano)
  An ugly thing (D:13)
  2 bloated husks
  2 hornets (Swamp:3)
  A tyrant leech (Swamp:1)
  2 spriggans (Swamp:3)
  A human (Swamp:1)
  2 swamp worms
  7 ancestors
  25 knights
  6 foxfires
52 creatures vanquished.

Grand Total: 1176 creatures vanquished

Notes
Turn   | Place    | Note
-------+----------+-------------------------------------------
     0 | D:1      | diecastcamel the Merfolk Summoner began the quest for the
                  | Orb.
     0 | D:1      | Reached XP level 1. HP: 13/13 MP: 3/3
   202 | D:1      | Reached XP level 2. HP: 19/19 MP: 3/5
   205 | D:1      | Learned a level 2 spell: Call Imp
  1241 | D:2      | Reached XP level 3. HP: 24/24 MP: 3/6
  1355 | D:2      | Learned a level 3 spell: Call Canine Familiar
  1778 | D:2      | Reached XP level 4. HP: 30/30 MP: 8/8
  1789 | D:2      | Reached skill level 1 in Polearms
  1789 | D:2      | Reached skill level 5 in Summonings
  2026 | D:3      | Found a broken altar of Ashenzari.
  2258 | D:3      | Reached XP level 5. HP: 35/35 MP: 6/9
  2398 | D:3      | Found a glowing drain.
  2423 | Sewer    | Entered a sewer
  2426 | Sewer    | Noticed Pargi
  2446 | Sewer    | Killed Pargi
  2454 | Sewer    | Learned a level 4 spell: Summon Ice Beast
  2549 | Sewer    | Reached XP level 6. HP: 41/41 MP: 7/11
  3102 | D:4      | Noticed a black bear
  3119 | D:4      | Reached skill level 1 in Ice Magic
  3144 | D:4      | Killed a black bear
  3290 | D:4      | Reached XP level 7. HP: 39/46 MP: 6/13
  3877 | D:4      | Reached skill level 5 in Polearms
  4104 | D:5      | Entered Level 5 of the Dungeon
  4328 | D:5      | Found a transporter.
  4398 | D:5      | Reached XP level 8. HP: 52/52 MP: 8/15
  4447 | D:5      | Found a transporter.
  4615 | D:5      | Reached skill level 5 in Spellcasting
  4731 | D:5      | Learned a level 3 spell: Frozen Ramparts
  5100 | D:6      | Reached skill level 1 in Fighting
  5570 | D:6      | Found a runed translucent door.
  5572 | D:6      | Found a shimmering altar of Xom.
  5572 | D:6      | Noticed zeram's ghost (novice SpCj)
  5572 | D:6      | Noticed a +2 falchion of chaos
  5671 | D:6      | Reached XP level 9. HP: 44/62 MP: 10/16
  5783 | D:6      | Reached skill level 5 in Ice Magic
  5830 | D:6      | Found a staircase to the Ecumenical Temple.
  6042 | Temple   | Entered the Ecumenical Temple
  6236 | Temple   | Became a worshipper of Hepliaklqana the Forgotten
  6254 | D:6      | Learned a level 4 spell: Summon Lightning Spire
  6936 | D:7      | Found a flagged portal.
  6947 | Bailey   | Entered a bailey
  7781 | Bailey   | Acquired the +1 buckler "Waylat" {rElec Will+}
  7851 | D:7      | Reached skill level 1 in Shields
  8425 | D:7      | Acquired the +0 pair of boots of Heresy {rPois rC- Will++
                  | Int+2}
  8528 | D:7      | Reached skill level 5 in Shields
  8895 | D:7      | Reached * piety under Hepliaklqana
  9080 | D:7      | Found a sacrificial altar of Ru.
  9117 | D:7      | Reached XP level 10. HP: 62/65 MP: 13/17
  9692 | D:8      | Reached skill level 5 in Fighting
  9901 | D:8      | Noticed Maurice
  9902 | D:8      | Noticed Grum
  9939 | D:8      | Killed Grum
  9947 | D:8      | Killed Maurice
 10204 | D:8      | Noticed an orange crystal statue
 10554 | D:8      | Reached skill level 3 in Dodging
 10648 | D:8      | Noticed a cyclops
 10651 | D:8      | Reached skill level 1 in Air Magic
 10656 | D:8      | Killed a cyclops
 10657 | D:8      | Reached skill level 4 in Dodging
 11425 | D:9      | Found a staircase to the Orcish Mines.
 11437 | D:9      | Reached skill level 5 in Dodging
 11437 | D:9      | Reached XP level 11. HP: 62/71 MP: 7/20
 11853 | D:9      | Noticed a two-headed ogre
 11868 | D:9      | Killed a two-headed ogre
 11869 | D:9      | Reached skill level 6 in Dodging
 12016 | D:9      | Found an ornate altar of the Wu Jian Council.
 12263 | D:9      | Reached skill level 10 in Summonings
 12458 | D:10     | Entered Level 10 of the Dungeon
 12489 | D:10     | Found a snail-covered altar of Cheibriados.
 12489 | D:10     | Found a shadowy altar of Dithmenos.
 12490 | D:10     | Found an ancient bone altar of Kikubaaqudgha.
 12528 | D:10     | Reached ** piety under Hepliaklqana
 12529 | D:10     | Remembered your ancestor Eideard as a knight
 12561 | D:10     | Reached skill level 10 in Polearms
 13008 | D:10     | Noticed a two-headed ogre
 13015 | D:10     | Killed a two-headed ogre
 13119 | D:10     | Found Funeghed's Jewellery Shoppe.
 13140 | D:10     | Bought an amulet of reflection for 480 gold pieces
 13236 | D:10     | Found a shimmering altar of Xom.
 13470 | D:11     | Reached skill level 7 in Dodging
 13636 | D:11     | Noticed Lodul
 13648 | D:11     | Killed Lodul
 13953 | D:11     | Noticed an oklob plant
 14014 | D:11     | Noticed a cyclops
 14027 | D:11     | Killed a cyclops
 14117 | D:11     | Reached XP level 12. HP: 77/77 MP: 23/23
 14203 | D:11     | Noticed a two-headed ogre
 14209 | D:11     | Killed a two-headed ogre
 14210 | D:11     | Reached skill level 8 in Dodging
 14279 | D:11     | Noticed Erica
 14287 | D:11     | Killed Erica
 14376 | D:11     | Found a staircase to the Lair.
 15025 | Lair:1   | Entered Level 1 of the Lair of Beasts
 15100 | Lair:1   | Reached skill level 9 in Dodging
 15254 | Lair:1   | Reached *** piety under Hepliaklqana
 15377 | Lair:1   | Acquired the +6 demon trident of Overwhelming Force {venom,
                  | rElec Will- Str+4}
 15509 | Lair:1   | Noticed Nergalle
 15535 | Lair:1   | Killed Nergalle
 15664 | Lair:1   | Acquired 1150 gold pieces
 16202 | Lair:2   | Reached skill level 1 in Invocations
 16267 | Lair:2   | Found the +7 staff of the Meek {protect, meekguard}
 16513 | Lair:2   | Found a staircase to the Swamp.
 16531 | Lair:2   | Reached skill level 10 in Dodging
 16716 | Lair:2   | Found a staircase to the Snake Pit.
 16827 | Lair:2   | Found a transporter.
 16830 | Lair:2   | Found a transporter.
 16837 | Lair:2   | Noticed zzuzz's ghost (journeyman FoFi)
 16837 | Lair:2   | Noticed a seven-headed hydra
 16874 | Lair:2   | Noticed Prince Ribbit
 16898 | Lair:2   | Killed Prince Ribbit
 16899 | Lair:2   | Reached XP level 13. HP: 83/83 MP: 18/25
 17477 | Lair:3   | Reached **** piety under Hepliaklqana
 17948 | Lair:3   | Found a dark tunnel.
 17958 | Lair:3   | Reached skill level 11 in Dodging
 17984 | Volcano  | Entered a volcano
 18251 | Volcano  | Reached skill level 5 in Invocations
 18264 | Volcano  | Reached skill level 5 in Air Magic
 19550 | Lair:4   | Reached skill level 1 in Evocations
 19565 | Lair:4   | Reached skill level 12 in Dodging
 19666 | Lair:4   | Reached XP level 14. HP: 90/90 MP: 17/26
 20438 | Lair:4   | Reached ***** piety under Hepliaklqana
 20681 | Lair:5   | Entered Level 5 of the Lair of Beasts
 20869 | Lair:5   | Found a staircase to the Slime Pits.
 20870 | Lair:5   | Found a viscous altar of Jiyva.
 21212 | Lair:5   | Reached skill level 13 in Dodging
 21748 | Lair:5   | Reached skill level 5 in Evocations
 22473 | Lair:5   | Found a corrupted altar of Lugonu.
 22473 | Lair:5   | Found a one-way gate to the infinite horrors of the Abyss.
 22764 | Orc:1    | Entered Level 1 of the Orcish Mines
 22768 | Orc:1    | Reached XP level 15. HP: 96/96 MP: 16/27
 22768 | Orc:1    | Noticed an orc warlord
 22899 | D:9      | Killed an orc warlord
 22970 | D:9      | Reached skill level 14 in Dodging
 23170 | Orc:1    | Noticed Harold
 23183 | Orc:1    | Killed Harold
 23531 | Orc:2    | Entered Level 2 of the Orcish Mines
 23637 | Orc:2    | Found a staircase to the Elven Halls.
 23648 | Orc:2    | Found Ahais's CLEARANCE SALE!.
 23656 | Orc:2    | Bought a potion of curing for 3 gold pieces
 23656 | Orc:2    | Bought a scroll of teleportation for 3 gold pieces
 23656 | Orc:2    | Bought 2 scrolls of identify for 4 gold pieces
 23983 | Orc:2    | Noticed Rupert
 24016 | Orc:2    | Killed Rupert
 24154 | Orc:2    | Found Ewar's Assorted Antiques.
 24288 | Orc:2    | Upgraded the game from 0.30.1-3-gfc49f6343a to
                  | 0.30.1-4-g462c640d31
 24588 | Orc:2    | Learned a level 7 spell: Summon Hydra
 24630 | Orc:2    | Found Siqitseh's Magic Scroll Boutique.
 24630 | Orc:2    | Found Jiats's Assorted Antiques.
 24631 | Orc:2    | Found Puamn's Jewellery Shop.
 24635 | Orc:2    | Found Duzxiy's Antique Weapon Shop.
 24637 | Orc:2    | Bought a scroll of teleportation for 45 gold pieces
 24640 | Orc:2    | Bought a scroll of identify for 62 gold pieces
 24929 | Orc:2    | Bought a scroll of acquirement for 780 gold pieces
 24929 | Orc:2    | Acquired 955 gold pieces
 24961 | Orc:2    | Bought a scroll of enchant armour for 165 gold pieces
 24961 | Orc:2    | Bought a scroll of identify for 44 gold pieces
 26569 | D:13     | Reached ****** piety under Hepliaklqana
 26627 | D:13     | Found a gate to the Vaults.
 26633 | D:13     | Reached skill level 15 in Dodging
 27415 | Snake:1  | Entered Level 1 of the Snake Pit
 27536 | Snake:1  | Reached XP level 16. HP: 97/105 MP: 24/29
 27665 | Snake:1  | Found an ornate altar of the Wu Jian Council.
 28154 | Snake:1  | Reached skill level 15 in Summonings
 28522 | Snake:2  | Reached skill level 16 in Dodging
 28903 | Snake:2  | Noticed a nagaraja
 29117 | Snake:2  | Killed a nagaraja
 29267 | Snake:2  | Noticed a nagaraja
 29288 | Snake:2  | Killed a nagaraja
 30812 | Snake:3  | Reached skill level 10 in Fighting
 31047 | Snake:3  | Reached skill level 17 in Dodging
 31050 | Snake:3  | Reached skill level 10 in Evocations
 31194 | Snake:3  | Reached XP level 17. HP: 90/115 MP: 7/30
 31404 | Snake:3  | Reached skill level 1 in Armour
 32158 | Swamp:1  | Entered Level 1 of the Swamp
 32754 | Swamp:1  | Learned a level 4 spell: Airstrike
 32802 | Swamp:1  | Noticed Kirke
 32815 | Swamp:1  | Killed Kirke
 34006 | Swamp:2  | Reached skill level 18 in Dodging
 34809 | Swamp:3  | Noticed Nikola
 34848 | Swamp:3  | Killed Nikola
 36420 | D:14     | Found a hide-covered altar of Uskayaw.
 36794 | D:14     | Found a runed translucent gate.
 36795 | D:14     | Found a runed translucent gate.
 36796 | D:14     | Found a runed translucent gate.
 36797 | D:14     | Noticed Qymaymp's ghost (adept GrEE)
 36833 | D:14     | Found a white marble altar of Elyvilon.
 36902 | D:14     | Reached XP level 18. HP: 125/125 MP: 17/31
 36997 | D:14     | Reached skill level 19 in Dodging
 37230 | D:15     | Entered Level 15 of the Dungeon
 37306 | D:15     | Found a glowing silver altar of Zin.
 37449 | D:15     | Learned a level 6 spell: Summon Cactus Giant
 37470 | D:15     | Found a staircase to the Depths.
 38390 | Snake:4  | Entered Level 4 of the Snake Pit
 40470 | Snake:4  | Found Jybuw's Book Shoppe.
 40482 | Snake:4  | Bought the Incunable of Malisons for 646 gold pieces
 40488 | Snake:4  | Learned a level 5 spell: Summon Mana Viper
 40796 | Snake:4  | Reached skill level 1 in Hexes
 41332 | Snake:4  | Got a serpentine rune of Zot
 41648 | Swamp:4  | Entered Level 4 of the Swamp
 42430 | Swamp:4  | Reached XP level 19. HP: 131/132 MP: 24/32
 42644 | Swamp:4  | Killed from afar by a bog body

Illustrated notes

Levels and vault maps discovered:
D:1:      onia_arrival_mini_spirals, layout_basic
D:2:      layout_basic
D:3:      layout_rooms, ashenzari_conservatory_becter, portal_sewer_entry_f,
          minmay_misc_feat_five
D:4:      layout_loops_ring, minmay_fractal_squares_diagonal_5
D:5:      gammafunk_wand_slinger, layout_gridville
D:6:      layout_basic, minmay_temple_entry_antechambers, ebering_ghost_xom
D:7:      minmay_inner_zag, layout_loops_ring, nicolae_ru_the_path_less_chosen,
          enter_bailey_3, minmay_quadrilaterals
D:8:      statuecave_lemuel, layout_loops_cross, grunt_ogre_cave,
          kennysheep_minor_cross, uniq_grum, uniq_maurice
D:9:      layout_small_grid, lemuel_doored_altar, minmay_orc_entry_guard_dogs,
          special_room [special_room_orc]
D:10:     layout_irregular_city, nicolae_overflow_quartered_altars,
          serial_shops, nicolae_shop_temple_entry_statues_fountains,
          roderic_serpentine_path
D:11:     layout_gridville, dpeg_oklobed_lair, hangedman_tell_no_tales,
          uniq_erica, uniq_lodul
D:12:     minmay_dotted_concentric_squares, layout_cave_pools
D:13:     layout_irregular_city, lightli_vaults_fourway_checkpoint,
          minmay_curled_crystal
D:14:     layout_irregular_city, elyvilon_altar_4, ebering_ghost_rock_garden,
          dancing_weapons_uskayaw
D:15:     gammafunk_depths_entry_grave, layout_basic, zin_treasury
Temple:   bh_familiar_temple
Lair:1:   layout_roguey [special_room_bee], uniq_nergalle
Lair:2:   layout_chaotic_city, minmay_swamp_entry_reptiles,
          minmay_snake_entry_spellcaster, nzn_ghost_randoct,
          serial_bayou_shore_b, uniq_prince_ribbit2
Lair:3:   layout_layer_cave, special_room [special_room_mythical_zoo],
          enter_volcano_3, grunt_forest_stairs_clearing, lemuel_fruit_tree
Lair:4:   layout_regular_city
Lair:5:   hellmonk_lair_end_abyssal_woods, layout_regular_city, slime_entry_1,
          serial_bayou_lagoon_b
Swamp:1:  layout_falls_marsh, evilmike_swamp_ruin_house_4, swamp_pool3,
          uniq_kirke
Swamp:2:  layout_basic_swamp, serial_swamp_ruin, evilmike_swamp_ruin_rubble_1,
          evilmike_swamp_ruin_house_2, evilmike_swamp_ruin_house_3
Swamp:3:  layout_basic_swamp, evilmike_swamp_ruin_rubble_2, swamp_pool3,
          nicolae_swamp_bloodsuckers_inc, uniq_nikola
Swamp:4:  swamp_alternative, layout_basic_swamp
Snake:1:  layout_onion_interference, basic_altar
Snake:2:  layout_chambers
Snake:3:  layout_cave_town, serial_bayou_shore_b
Snake:4:  grunt_snake_rune_pools, layout_cave_town, serial_shops,
          nicolae_book_shop_shelving
Orc:1:    layout_caves, uniq_harold
Orc:2:    st_orc_mages, layout_diamond_mine, serial_shops, shop,
          nicolae_shop_clearance, uniq_rupert

Skill      XL: |  1  2  3  4  5  6  7  8  9 10 11 12 13 14 15 16 17 18 19 |
---------------+----------------------------------------------------------+-----
Polearms       | 2 3 4 5 7 8 9 10 12 13 14 | 14.0
Summonings     | 5 6 7 8 9 10 11 12 13 14 15 17 18 | 18.2
Spellcasting   | 3 4 5 6 7 8 9 |  9.0
Ice Magic      | 2 3 4 5 6 |  6.2
Fighting       | 2 4 5 6 8 10 11 12 | 12.8
Shields        | 5 6 7 |  7.1
Dodging        | 5 7 10 12 13 15 17 18 19 | 19.8
Air Magic      | 2 3 4 5 |  5.2
Invocations    | 3 6 8 9 |  9.0
Evocations     | 2 5 8 10 | 10.0
Armour         | 2 |  2.0
Hexes          | 3 4 |  4.2
Stealth        | |  2.1

Action                     |  1- 3 |  4- 6 |  7- 9 | 10-12 | 13-15 | 16-18 | 19-21 || total
---------------------------+-------+-------+-------+-------+-------+-------+-------++-------
  Melee: Unarmed           |     3 |       |       |       |       |       |       ||     3
         Short sword       |    20 |       |       |       |       |       |       ||    20
         Trident           |    17 |    64 |   195 |    86 |       |       |       ||   362
         Punch             |       |       |     1 |       |       |       |       ||     1
         Halberd           |       |       |    39 |       |       |       |       ||    39
         Spear             |       |       |       |   169 |       |       |       ||   169
         Demon trident     |       |       |       |    76 |   726 |   799 |    11 ||  1612
         Tailslap          |       |       |       |       |       |     6 |     1 ||     7
   Fire: Sling             |     6 |       |       |       |       |       |       ||     6
  Throw: Dart              |     3 |     9 |    12 |       |       |       |       ||    24
         Throwing net      |       |     1 |       |       |       |       |       ||     1
   Cast: Summon Small Mamm |    11 |     1 |       |       |       |       |       ||    12
         Call Imp          |    17 |    14 |    17 |    14 |     4 |       |       ||    66
         Call Canine Famil |       |    14 |    35 |    24 |    25 |    14 |       ||   112
         Frozen Ramparts   |       |       |    29 |    31 |    31 |     6 |       ||    97
         Summon Ice Beast  |       |       |    15 |    57 |    93 |    56 |       ||   221
         Summon Lightning  |       |       |       |    16 |    47 |    25 |       ||    88
         Summon Hydra      |       |       |       |       |     4 |    65 |     3 ||    72
         Airstrike         |       |       |       |       |       |     4 |       ||     4
         Summon Cactus Gia |       |       |       |       |       |    30 |     1 ||    31
         Summon Mana Viper |       |       |       |       |       |     3 |     1 ||     4
 Invoke: Ancestor Life: Kn |       |       |       |     1 |       |       |       ||     1
         Recall Ancestor   |       |       |       |       |     3 |    25 |       ||    28
         Idealise          |       |       |       |       |       |     7 |       ||     7
         Transference      |       |       |       |       |       |     1 |       ||     1
  Evoke: Condenser vane    |       |       |       |     1 |     1 |     2 |       ||     4
         Phantom mirror    |       |       |       |       |     2 |     2 |       ||     4
         Box of beasts     |       |       |       |       |       |     2 |       ||     2
         Wand              |       |       |       |       |       |     3 |       ||     3
    Use: Scroll            |       |       |    15 |     9 |     8 |    11 |       ||    43
         Potion            |       |       |       |     4 |     6 |     4 |     1 ||    15
   Stab: Distracted        |       |     3 |     6 |     4 |     8 |    18 |       ||    39
         Sleeping          |       |     1 |     2 |     1 |       |     1 |       ||     5
         Paralysed         |       |       |       |       |     1 |       |       ||     1
 Armour: Robe              |    11 |    16 |    57 |    18 |     7 |       |       ||   109
         Leather armour    |    12 |       |       |       |       |       |       ||    12
         Steam dragon scal |       |       |       |    19 |    38 |   117 |     3 ||   177
  Dodge: Dodged            |    23 |    67 |   149 |   139 |   184 |   304 |     2 ||   868
  Block: Buckler           |       |       |    13 |    72 |   138 |   253 |     2 ||   478
         Reflection        |       |       |       |     3 |    12 |    42 |       ||    57
